Map: Ujari

Players

Rasaxe

  • Race: Protoss Protoss
  • League: Silver
  • Spawn Location: 9:00

YoSoyDrLobo

  • Race: Protoss Protoss
  • League: Silver
  • Spawn Location: 9:00

Heavyball

  • Race: Protoss Protoss
  • Spawn Location: 0:00

Oshiiro

  • Race: Zerg Zerg
  • Spawn Location: 0:00

kindhrtd

  • Race: Terran Terran
  • Spawn Location: 3:00

Infamous

  • Race: Protoss Protoss
  • League: Gold
  • Spawn Location: 3:00

VOD

Have the link to the VOD?

Description

Time

  • Played on: April 24, 2018, 9:24 a.m.
  • Length: 1:55
Show
View Real Time Build Order
Export as new Build Order

Rasaxe Protoss 

Build Orders:  

Get SALT Encoding   

  1  0:00  Probe  
  13  0:22  Pylon  
  13  0:26  Probe  
  14  0:38  Probe  
  15  0:50  Probe  
  15  0:52  Gateway  
  16  0:58  Gateway  
  16  1:23  Forge  
  16  1:28  Probe, Assimilator  
  17  1:40  Probe  
Show
View Real Time Build Order
Export as new Build Order

YoSoyDrLobo Protoss 

Build Orders:  

Get SALT Encoding   

  12  0:13  Pylon  
  12  0:35  Probe  
  13  0:48  Probe  
  14  0:57  Gateway x2  
  14  1:00  Probe  
  15  1:12  Probe  
  16  1:20  Forge  
  16  1:25  Probe  
  17  1:37  Probe  
  17  1:39  Gateway  
Show
View Real Time Build Order
Export as new Build Order

Heavyball Protoss 

Build Orders:  

Get SALT Encoding   

  12  0:03  Probe  
  13  0:15  Probe  
  14  0:22  Pylon  
  14  0:28  Pylon  
  14  0:31  Probe  
  15  0:50  Probe  
  15  0:55  Forge  
  16  1:02  Probe  
  17  1:14  Probe  
  18  1:26  Probe  
  18  1:30  Gateway  
  19  1:38  Pylon, Probe  
Show
View Real Time Build Order
Export as new Build Order

Oshiiro Zerg 

Build Orders: Pool Only 

Get SALT Encoding   

  12  0:02  Drone  
  13  0:20  Drone  
  14  0:21  Overlord  
  14  0:25  Extractor  
  13  0:31  Drone  
  14  0:42  Drone  
  15  0:51  Spawning Pool  
  15  0:53  Drone  
  15  1:01  Drone  
  16  1:16  Extractor  
  15  1:19  Drone x2  
  17  1:26  Drone  
  18  1:36  Drone  
Show
View Real Time Build Order
Export as new Build Order

kindhrtd Terran 

Build Orders:  

Get SALT Encoding   

  12  0:02  SCV  
  13  0:14  SCV  
  14  0:25  Supply Depot  
  14  0:27  SCV  
  15  0:36  Refinery  
  15  0:49  Barracks  
  15  0:50  SCV  
  16  1:03  SCV  
  17  1:17  Barracks  
  17  1:19  SCV  
  18  1:31  SCV  
  19  1:41  Factory  
Show
View Real Time Build Order
Export as new Build Order

Infamous Protoss 

Build Orders: 1 Gate Expand 

Get SALT Encoding   

  12  0:01  Probe  
  13  0:14  Pylon  
  13  0:19  Pylon  
  13  0:23  Probe  
  14  0:37  Gateway  
  14  0:38  Probe  
  15  0:46  Probe  
  16  1:00  Probe, Assimilator  
  17  1:30  Nexus  
  17  1:31  Probe  
  18  1:44  Cybernetics Core  
Tags
 
Add a new tag
Caveats
  • Supply blocks, unpowered buildings, or Contaminate may cause inaccurate times.
  • Supply counts are checked every 10 seconds.